 Dungeon Crawl Stone Soup version 0.21.1-1-g345015f (webtiles) character file.

7 JeffiDaFish the Digger (level 2, 0/15 HPs)
             Began as a Gargoyle Earth Elementalist on Feb 7, 2018.
             Slain by a frilled lizard (1 damage)
             ... on level 1 of the Dungeon.
             The game lasted 00:00:54 (156 turns).

JeffiDaFish the Digger (Gargoyle Earth Elementalist) Turns: 156, Time: 00:00:55

Health: 0/15       AC:  3    Str: 13    XL:     2   Next: 4%
Magic:  5/5        EV: 12    Int: 15    God:
Gold:   0          SH:  0    Dex:  8    Spells: 4/5 levels left

rFire    . . .     SeeInvis .   f - +0 dagger (curse)
rCold    . . .     Gourm    .   (no shield)
rNeg     + . .     Faith    .   c - +0 robe
rPois    ∞         Spirit   .   (no helmet)
rElec    +         Reflect  .   (no cloak)
rCorr    .         Harm     .   (no gloves)
MR       .....                  (no boots)
Stlth    ++........             (no amulet)
HPRegen  0.05/turn              (no ring)
MPRegen  0.09/turn              (no ring)

@: no status effects
A: talons 1, clumsy 1, deformed body, negative energy resistance 1, electricity
resistance, strong 1, unbreathing, petrification resistance, rot immunity, AC +2
a: no special abilities


You were on level 1 of the Dungeon.
You were not hungry.

You visited 1 branch of the dungeon, and saw 1 of its levels.

Inventory:

Hand Weapons
 f - a cursed +0 dagger (weapon)
Missiles
 b - 51 stones (quivered)
Armour
 c - a +0 robe (worn)
Books
 e - a book of Geomancy

   Spells                             Type                      Level
   a - Sandblast                      Earth                        1
   b - Passwall                       Transmutation/Earth          2
   c - Stone Arrow                    Conjuration/Earth            3
   d - Petrify                        Transmutation/Earth          4
   e - Lee's Rapid Deconstruction     Earth                        5
Comestibles
 a - 5 chunks of flesh
 d - 2 rations


   Skills:
 + Level 1.6 Dodging
 + Level 2.4 Stealth
 + Level 2.2 Spellcasting
   Level 0.7 Transmutations
 + Level 3.9 Earth Magic


You had 4 spell levels left.
You knew the following spells:

 Your Spells              Type           Power        Failure   Level  Hunger
a - Sandblast             Erth           ##....       4%          1    #......


Dungeon Overview and Level Annotations

Branches:
Dungeon (1/15)

Altars:


Innate Abilities, Weirdness & Mutations

You are resistant to torment.
Your stone body is resilient. (AC +2)
You are immune to poison.
You resist negative energy. (rN+)
You are resistant to electric shocks. (rElec)
You can survive without breathing.
You are immune to petrification.
You are immune to rotting.
You have sharp toenails.
You are clumsy. (Dex -2)
Armour fits poorly on your strangely shaped body.
Your muscles are strong. (Str +2)


Message History

The frilled lizard bites you but does no damage.
The goblin barely misses you. The frilled lizard barely misses you.
The goblin barely misses you.
The frilled lizard bites you but does no damage.
The goblin barely misses you.
The frilled lizard bites you but does no damage.
The goblin barely misses you. The frilled lizard closely misses you.
The goblin barely misses you. The frilled lizard closely misses you.
The goblin misses you.
The frilled lizard bites you but does no damage.
The goblin hits you but does no damage. The frilled lizard bites you.
* * * LOW HITPOINT WARNING * * *
The goblin hits you but does no damage. The frilled lizard closely misses you.
The frilled lizard bites you.
* * * LOW HITPOINT WARNING * * *
The goblin barely misses you. The frilled lizard closely misses you.
The goblin hits you but does no damage. The frilled lizard bites you.
You die...

... ########... #..........
####.......... .............
#...........
####...g........ ...K...
.......@l....... ......#
####....>...###.#.......
#########.......)#
#..$......
#<.#....##.......#
#.........
##.....#.##..##### #........
##...##..#..########........
#######.###.÷†...##........
#......####.............
#..##.#...####.#.........


You could see a goblin and a frilled lizard.

Vanquished Creatures
  A dart slug (D:1)
  A jackal (D:1)
  A kobold (D:1)
  A bat (D:1)
  2 rats (D:1)
6 creatures vanquished.

Notes
Turn   | Place    | Note
-------+----------+-------------------------------------------
     0 | D:1      | JeffiDaFish the Gargoyle Earth Elementalist began the quest for the Orb.
     0 | D:1      | Reached XP level 1. HP: 10/10 MP: 3/3
    92 | D:1      | Reached XP level 2. HP: 8/15 MP: 3/5
   134 | D:1      | Gained mutation: You are clumsy. (Dex -2) [potion of mutation]
   134 | D:1      | Gained mutation: You possess an exceptional clarity of mind. [potion of mutation]
   135 | D:1      | Lost mutation: You possess an exceptional clarity of mind. [potion of mutation]
   135 | D:1      | Gained mutation: Armour fits poorly on your strangely shaped body. [potion of mutation]
   135 | D:1      | Gained mutation: You have sharp toenails. [potion of mutation]
   135 | D:1      | Gained mutation: Your muscles are strong. (Str +2) [potion of mutation]
   156 | D:1      | Slain by a frilled lizard

Action                   || total
-------------------------++-------
Melee: Unarmed           ||     9
       Dagger            ||     2
 Cast: Sandblast         ||     7
  Use: Potion            ||     2
Armor: Robe              ||    12
Dodge: Dodged            ||    28
